| 8 | 0:00 | SCV | |
| 9 | 0:12 | SCV | |
| 10 | 0:24 | SCV | |
| 10 | 0:28 | Supply Depot | |
| 11 | 0:37 | SCV | |
| 12 | 0:49 | SCV | |
| 13 | 0:53 | Barracks | |
| 13 | 1:02 | Refinery | |
| 13 | 1:05 | SCV | |
| 14 | 1:17 | SCV | |
| 15 | 1:29 | SCV | |
| 16 | 1:41 | Orbital Command | |
| 16 | 1:44 | Reaper | |
| 17 | 2:00 | Command Center | |
| 17 | 2:09 | Supply Depot | |
| 17 | 2:12 | SCV | |
| 18 | 2:26 | Marine | |
| 18 | 2:27 | Factory | |
| 19 | 2:32 | SCV | |
| 20 | 2:38 | Refinery | |
| 20 | 2:46 | SCV, Barracks Reactor | |
| 21 | 2:58 | SCV | |
| 22 | 3:11 | Factory Tech Lab | |
| 22 | 3:14 | SCV | |
| 23 | 3:22 | Marine x2 | |
| 23 | 3:25 | Starport | |
| 23 | 3:26 | Orbital Command | |
| 24 | 3:29 | SCV | |
| 25 | 3:35 | Cyclone | |
| 28 | 3:42 | Marine | |
| 28 | 3:43 | Marine, SCV | |
| 31 | 3:53 | SCV | |
| 32 | 3:56 | SCV | |
| 32 | 4:02 | Medivac | |
| 35 | 4:03 | Marine x2 | |
| 35 | 4:07 | SCV | |
| 38 | 4:10 | Refinery | |
| 38 | 4:17 | Siege Tank | |
| 38 | 4:20 | SCV | |
| 42 | 4:34 | Starport Tech Lab | |
| 42 | 4:40 | Supply Depot x2 | |
| 42 | 4:56 | Interference Matrix | |
| 42 | 5:01 | Marine x2, SCV x2, Siege Tank | |
| 49 | 5:10 | Raven | |
| 49 | 5:13 | SCV x2 | |
| 53 | 5:15 | Supply Depot | |
| 53 | 5:18 | Supply Depot | |
| 53 | 5:23 | Command Center | |
| 53 | 5:25 | SCV x2 | |
| 53 | 5:26 | Marine x2 | |
| 57 | 5:36 | Siege Tank | |
| 57 | 5:37 | SCV | |
| 57 | 5:42 | Supply Depot | |
| 61 | 5:44 | Marine x2 | |
| 61 | 5:45 | SCV | |
| 61 | 5:48 | Raven | |
| 66 | 5:54 | SCV | |
| 65 | 6:04 | Marine | |
| 65 | 6:10 | Marine | |
| 65 | 6:11 | Siege Tank | |
| 70 | 6:12 | SCV x2 | |
| 69 | 6:24 | SCV x2 | |
| 66 | 6:36 | SCV x2 | |
| 66 | 6:37 | Barracks, Orbital Command | |
| 66 | 6:39 | Barracks | |
| 68 | 6:42 | Refinery | |
| 68 | 6:44 | Supply Depot, Marine | |
| 68 | 6:45 | Siege Tank | |
| 68 | 6:46 | Stimpack | |
| 72 | 6:48 | SCV x2 | |
| 72 | 6:51 | Viking | |
| 75 | 6:58 | Viking | |
| 77 | 7:02 | Marine | |
| 77 | 7:06 | SCV x2 | |
| 80 | 7:09 | Engineering Bay | |
| 80 | 7:11 | Engineering Bay | |
| 80 | 7:19 | Orbital Command | |
| 80 | 7:20 | Marine | |
| 70 | 7:24 | Siege Tank | |
| 70 | 7:25 | Viking | |
| 70 | 7:26 | SCV x2 | |
| 70 | 7:29 | Barracks Reactor x2 | |
| 77 | 7:38 | Marine, SCV | |
| 73 | 7:47 | Viking | |
| 73 | 7:50 | Terran Infantry Weapons Level 1 | |
| 75 | 7:56 | Marine | |
| 64 | 8:13 | Marine | |
| 64 | 8:18 | Marine x2 | |
| 64 | 8:19 | Marine x2 | |
| 68 | 8:28 | Siege Tank | |
| 68 | 8:31 | Marine | |
| 72 | 8:36 | Marine | |
| 72 | 8:37 | SCV x2 | |
| 75 | 8:43 | SCV | |
| 75 | 8:46 | Marine x2 | |
| 75 | 8:47 | Medivac | |
| 80 | 8:49 | SCV | |
| 80 | 8:54 | Marine | |
| 80 | 8:55 | Marine x2, SCV | |
| 85 | 8:58 | SCV | |
| 85 | 8:59 | Terran Infantry Armor Level 1 | |
| 85 | 9:01 | SCV | |
| 87 | 9:05 | Command Center | |
| 87 | 9:07 | Marine x2, SCV | |
| 87 | 9:08 | Siege Tank | |
| 93 | 9:10 | SCV | |
| 93 | 9:14 | Refinery | |
| 93 | 9:16 | Marine x2 | |
| 93 | 9:17 | Medivac | |
| 96 | 9:18 | SCV | |
| 96 | 9:19 | SCV | |
| 96 | 9:22 | SCV | |
| 97 | 9:25 | Refinery | |
| 97 | 9:29 | Combat Shield | |
| 97 | 9:30 | SCV | |
| 98 | 9:32 | SCV | |
| 98 | 9:34 | SCV | |
| 98 | 9:36 | Barracks | |
| 98 | 9:37 | Barracks | |
| 100 | 9:39 | Supply Depot | |
| 100 | 9:40 | Supply Depot | |
| 100 | 9:42 | SCV, Marine | |
| 100 | 9:43 | Marine | |
| 103 | 9:58 | Supply Depot | |
| 103 | 10:01 | Medivac x2, SCV x2, Marauder | |
| 103 | 10:02 | Marine, SCV | |
| 103 | 10:06 | Siege Tank | |
| 116 | 10:13 | Armory, SCV x2 | |
| 118 | 10:14 | SCV | |
| 118 | 10:17 | Marine x2 | |
| 121 | 10:24 | Barracks Tech Lab | |
| 121 | 10:25 | Barracks Tech Lab, SCV x2 | |
| 121 | 10:26 | Command Center, SCV, Marine x2 | |
| 121 | 10:27 | Marauder | |
| 128 | 10:32 | Supply Depot | |
| 128 | 10:35 | Marine | |
| 129 | 10:36 | Supply Depot | |
| 129 | 10:37 | SCV x2, Supply Depot | |
| 129 | 10:38 | SCV | |
| 129 | 10:40 | Siege Tank | |
| 129 | 10:42 | Supply Depot | |
| 135 | 10:49 | SCV | |
| 136 | 10:50 | Planetary Fortress | |
| 136 | 10:53 | Marine x3 | |
| 136 | 10:54 | Marauder, Concussive Shells | |
| 136 | 10:56 | SCV | |
| 142 | 11:03 | Missile Turret | |
| 142 | 11:05 | Missile Turret | |
| 142 | 11:06 | Supply Depot | |
| 142 | 11:08 | Marine x2 | |
| 142 | 11:09 | Marauder | |
| 142 | 11:10 | SCV, Supply Depot | |
| 147 | 11:13 | SCV x2 | |
| 147 | 11:16 | Marine x2 | |
| 147 | 11:17 | Marauder | |
| 153 | 11:20 | Terran Infantry Armor Level 2 | |
| 153 | 11:21 | Factory | |
| 153 | 11:24 | Marine | |
| 153 | 11:25 | Siege Tank | |
| 157 | 11:28 | SCV | |
| 157 | 11:29 | SCV | |
| 157 | 11:31 | SCV x2 | |
| 161 | 11:33 | Marine x2 | |
| 159 | 11:41 | SCV | |
| 159 | 11:43 | Supply Depot | |
| 144 | 11:49 | Marine x3 | |
| 144 | 11:50 | Marauder, Medivac x2 | |
| 133 | 12:02 | Marine x2 | |
| 133 | 12:03 | Marauder, Siege Tank | |
| 133 | 12:07 | Marine x3 | |
| 141 | 12:09 | SCV x3 | |
| 141 | 12:10 | Terran Infantry Weapons Level 2 | |
| 141 | 12:11 | Marauder | |
| 146 | 12:18 | SCV | |
| 146 | 12:19 | Marine | |
| 146 | 12:20 | Refinery, Marauder | |
| 146 | 12:21 | SCV | |
| 146 | 12:22 | SCV x2 | |
| 153 | 12:23 | Marine | |
| 153 | 12:24 | Marine | |
| 147 | 12:33 | Marine x2 | |
| 147 | 12:34 | Marauder, Medivac x2 | |
| 152 | 12:39 | Marine | |
| 152 | 12:40 | Siege Tank | |
| 152 | 12:41 | Marine | |
| 152 | 12:43 | Marine | |
| 160 | 12:44 | Marauder | |
| 160 | 12:45 | SCV | |
| 160 | 12:46 | SCV | |
| 160 | 12:51 | Factory Tech Lab | |
| 162 | 12:55 | Orbital Command | |
| 159 | 13:01 | Marine x3, Barracks | |
| 159 | 13:02 | Barracks, Marauder | |
| 159 | 13:03 | SCV | |
| 165 | 13:06 | SCV | |
| 165 | 13:07 | Marine | |
| 165 | 13:08 | Barracks, Marauder | |
| 165 | 13:09 | Marine | |
| 165 | 13:10 | Siege Tank, Medivac | |
| 175 | 13:14 | Refinery, SCV | |
| 175 | 13:18 | Refinery, Marine | |
| 175 | 13:19 | Marine x2 | |
| 178 | 13:23 | Marauder | |
| 152 | 13:27 | Marauder | |
| 152 | 13:29 | Marauder | |
| 152 | 13:30 | Marine | |
| 154 | 13:36 | Medivac, Marine, Refinery | |
| 154 | 13:37 | Marine x2 | |
| 151 | 13:44 | Siege Tank | |
| 151 | 13:45 | Marauder | |
| 151 | 13:47 | Marine | |
| 151 | 13:48 | Marine x2 | |
| 157 | 13:51 | Marauder | |
| 157 | 13:53 | Marine | |
| 157 | 13:54 | Marine x2 | |
| 157 | 13:55 | Marine | |
| 165 | 14:02 | Siege Tank | |
| 168 | 14:06 | Medivac, Marauder x2, Marine | |
| 176 | 14:12 | Marine, Marauder | |
| 176 | 14:14 | Barracks Tech Lab | |
| 176 | 14:15 | Supply Depot | |
| 176 | 14:16 | SCV x3, Barracks Tech Lab | |
| 181 | 14:19 | SCV | |
| 181 | 14:20 | SCV | |
| 183 | 14:27 | Marauder | |
| 183 | 14:28 | Marine x2, SCV | |
| 183 | 14:29 | Marauder, Siege Tank | |
| 190 | 14:34 | Marine x2 | |
| 190 | 14:35 | Marauder x3 | |
| 190 | 14:37 | Terran Infantry Weapons Level 3, Terran Infantry Armor Level 3 | |
| 190 | 14:38 | Terran Vehicle Weapons Level 1 | |
| 198 | 14:46 | Marine x2 | |
| 198 | 14:50 | Command Center | |
| 200 | 14:56 | Marauder | |
| 200 | 14:59 | Command Center | |
| 200 | 15:06 | Marine x2 | |
| 178 | 15:19 | Marine x3 | |
| 178 | 15:20 | Marine x3 | |
| 178 | 15:21 | Marine, Siege Tank | |
| 179 | 15:22 | Siege Tank | |
| 185 | 15:34 | Marine | |
| 166 | 15:35 | Marine | |
| 166 | 15:37 | Marine, Medivac x2 | |
| 166 | 15:38 | Marauder | |
| 166 | 15:39 | Marauder x4 | |
| 166 | 15:42 | Marine | |
| 152 | 15:51 | Missile Turret | |
| 152 | 15:52 | Missile Turret, Marine | |
| 152 | 15:53 | Missile Turret, Marine | |
| 153 | 15:58 | Marine | |
| 153 | 15:59 | Siege Tank x2, Marauder | |
| 153 | 16:00 | Marine, Marauder x3 | |
| 153 | 16:03 | Marine | |
| 167 | 16:06 | Orbital Command, Command Center | |
| 167 | 16:10 | Medivac x2, Marine | |
| 172 | 16:11 | Marine | |
| 172 | 16:16 | Marine | |
| 172 | 16:18 | Marauder | |
| 176 | 16:20 | Marine | |
| 176 | 16:21 | Marine x2, Marauder | |
| 176 | 16:22 | Marauder | |
| 182 | 16:28 | Marine | |
| 182 | 16:29 | Marine | |
| 184 | 16:34 | Marine, Siege Tank | |
| 184 | 16:38 | Marauder, Marine | |
| 184 | 16:39 | Marauder x2, Siege Tank | |
| 198 | 16:42 | Marine | |
| 198 | 16:43 | Marine | |
| 198 | 16:46 | Marine | |
| 199 | 16:47 | Missile Turret | |
| 199 | 16:48 | Missile Turret, Marine | |
| 199 | 16:49 | Missile Turret | |
| 199 | 16:52 | Command Center | |
| 198 | 17:14 | Neosteel Armor, Hi-Sec Auto Tracking | |
| 184 | 17:20 | Marine x6 | |
| 184 | 17:21 | Marine x3 | |
| 166 | 17:38 | Marine x5, SCV x5 | |
| 166 | 17:39 | SCV, Marauder | |
| 166 | 17:40 | Marine x3 | |
| 166 | 17:43 | Planetary Fortress | |
| 178 | 17:49 | Siege Tank, Medivac | |
| 178 | 17:50 | SCV | |
| 184 | 17:53 | SCV x4 | |
| 184 | 17:55 | Missile Turret, Marine | |
| 184 | 17:56 | Marine x3, Missile Turret x2 | |
| 184 | 17:57 | Siege Tank, Marauder, Medivac | |
| 199 | 18:00 | Marine | |
| 186 | 18:20 | Marine x4 | |
| 186 | 18:21 | Marauder x4 | |
| 197 | 18:28 | Planetary Fortress | |
| 197 | 18:29 | Refinery, Terran Vehicle Weapons Level 2 | |
| 197 | 18:33 | Armory | |
| 182 | 18:36 | Marine, Refinery | |
| 182 | 18:37 | Siege Tank, Marine x2 | |
| 182 | 18:38 | Siege Tank, Marine, Medivac x2 | |
| 182 | 18:40 | Marine | |
| 191 | 18:42 | Marine, Marauder x3 | |
| 181 | 18:54 | Marauder | |
| 181 | 18:55 | Marine x3 | |
| 158 | 18:58 | Marine | |
| 158 | 19:00 | Marauder | |
| 142 | 19:03 | Marine x2, Marauder | |
| 142 | 19:08 | Medivac | |
| 142 | 19:12 | Siege Tank x2, Medivac | |
| 142 | 19:13 | Marine x3 | |
| 142 | 19:16 | Marauder, Marine | |
| 156 | 19:18 | SCV | |
| 156 | 19:21 | Marauder x3 | |
| 163 | 19:24 | Marine | |
| 163 | 19:27 | Refinery | |
| 163 | 19:29 | Refinery | |
| 163 | 19:31 | Marine x3 | |
| 151 | 19:34 | Marine | |
| 151 | 19:37 | Marauder | |
| 148 | 19:39 | Medivac | |
| 148 | 19:43 | Marauder x4 | |
| 154 | 19:49 | Marine x3 | |
| 154 | 19:51 | Marine | |
| 153 | 19:58 | Marauder | |
| 153 | 19:59 | Siege Tank | |
| 158 | 20:00 | Medivac | |
| 158 | 20:04 | Marine, Marauder x3 | |
| 158 | 20:06 | Marine | |
| 158 | 20:07 | Marine x2 | |
| 168 | 20:08 | Siege Tank | |
| 168 | 20:09 | Marine, Medivac | |
| 176 | 20:20 | Marauder | |
| 176 | 20:21 | SCV | |
| 179 | 20:22 | Marauder | |
| 179 | 20:24 | Marine x3 | |
| 179 | 20:25 | Marauder x2 | |
| 179 | 20:26 | Marauder | |
| 179 | 20:27 | Marine | |
| 191 | 20:31 | Siege Tank | |
| 191 | 20:34 | Medivac | |
| 196 | 20:41 | Marauder | |
| 196 | 20:42 | Marine x2 | |
| 189 | 20:43 | Marauder | |
| 168 | 20:52 | Marine x5 | |
| 168 | 20:53 | Siege Tank | |
| 168 | 20:54 | Medivac | |
| 174 | 21:01 | Marine | |
| 174 | 21:03 | Marauder | |
| 177 | 21:27 | Marine, Supply Depot x2 | |
| 177 | 21:31 | Orbital Command | |
| 177 | 21:32 | Marine | |
| 177 | 21:33 | Marauder x2 | |
| 177 | 21:34 | Marine x2 | |
| 177 | 21:35 | Marauder x3, Siege Tank | |
| 177 | 21:39 | Siege Tank | |
| 163 | 21:45 | Marine | |
| 158 | 21:50 | Marine | |
| 158 | 21:51 | Marine x2 | |
| 161 | 21:54 | Marine | |
| 161 | 21:55 | Marauder | |
| 161 | 21:56 | Marine, Marauder x2 | |
| 166 | 22:03 | Marine | |
| 166 | 22:08 | Marine | |
| 167 | 22:09 | Marine x2 | |
| 167 | 22:12 | Marauder | |
| 167 | 22:14 | Marine | |
| 173 | 22:16 | Marine | |
| 173 | 22:17 | Marine x2 | |
| 173 | 22:20 | Marine | |
| 177 | 22:26 | Marine | |
| 177 | 22:27 | Marine x2 | |
| 180 | 22:32 | Marauder | |
| 180 | 22:33 | Marine | |
| 180 | 22:34 | Marauder | |
| 180 | 22:35 | Marine x2 | |
| 180 | 22:37 | Siege Tank | |
| 190 | 22:38 | Marine | |
| 190 | 22:44 | Marine | |
| 183 | 22:52 | Marauder | |
| 183 | 22:53 | Marauder | |
| 156 | 23:00 | Marine | |
| 156 | 23:01 | Marine | |
| 156 | 23:02 | Marine x2, Marauder | |
| 156 | 23:03 | Marauder x2 | |